 Dungeon Crawl Stone Soup version 0.22-a0-538-g76cc104 (webtiles) character file.

89 inc the Chiller (level 4, 0/27 HPs)
             Began as an Octopode Ice Elementalist on June 23, 2018.
             Hit by a stone thrown by a gnoll (5 damage)
             ... on level 2 of the Dungeon.
             The game lasted 00:03:36 (2119 turns).

inc the Chiller (Octopode Ice Elementalist)         Turns: 2119, Time: 00:03:36

Health: 0/27       AC:  1    Str:  7    XL:     4   Next: 55%
Magic:  7/7        EV: 13    Int: 18    God:
Gold:   168        SH:  0    Dex: 12    Spells: 3/7 levels left

rFire    . . .     SeeInvis .   i - +2 spear (venom)
rCold    . . .     Gourm    .   (no shield)
rNeg     . . .     Faith    .   (helmet restricted)
rPois    .         Spirit   .   (no amulet)
rElec    .         Reflect  .   (no ring)
rCorr    .         Harm     .   (no ring)
MR       .....                  (no ring)
Stlth    +++.......             (no ring)
HPRegen  0.09/turn              (no ring)
MPRegen  0.10/turn              (no ring)
                                (no ring)
                                (no ring)

@: lethally poisoned (0 -> -3)
A: almost no armour, stealthy swim, amphibious, 8 rings, constrict 8, camouflage
1, gelatinous body 1
a: no special abilities


You were on level 2 of the Dungeon.
You were not hungry.

You visited 1 branch of the dungeon, and saw 2 of its levels.

You collected 168 gold pieces.

Inventory:

Hand Weapons
 i - a +2 spear of venom (weapon)
Jewellery
 c - a +1 ring of evasion {unknown}
 g - a cursed -2 ring of dexterity {unknown}
 h - an uncursed ring of stealth {unknown}
Scrolls
 d - 2 scrolls of identify {unknown}
 e - a scroll of teleportation {unknown}
 f - a scroll of enchant armour {unknown}
 j - a scroll of random uselessness {unknown}
Potions
 a - a potion of curing {unknown}
Comestibles
 b - 2 rations


   Skills:
 - Level 2.0 Dodging
 - Level 2.6 Stealth
 - Level 2.0 Spellcasting
   Level 1.0 Conjurations
 + Level 5.2 Ice Magic


You had 3 spell levels left.
You knew the following spells:

 Your Spells              Type           Power        Failure   Level  Hunger
a - Freeze                Ice            ###.         2%          1    #......
b - Ozocubu's Armour      Chrm/Ice       ##......     19%         3    ###....

Your spell library contained the following spells:

 Spells                   Type           Power        Failure   Level  Hunger
 Throw Frost              Conj/Ice       ##....       8%          2    ###....
 Summon Ice Beast         Ice/Summ       ##......     52%         4    #####..
 Throw Icicle             Conj/Ice       ##......     45%         4    #####..


Dungeon Overview and Level Annotations

Branches:
Dungeon (2/15)

Altars:
Zin


Innate Abilities, Weirdness & Mutations

You cannot wear most types of armour.
You are very stealthy in the water. (Stealth+)
You are amphibious.
You can wear up to eight rings at the same time.
You can use your tentacles to constrict eight enemies at once.
Your skin changes colour to match your surroundings (Stealth+).
Your rubbery body absorbs attacks. (AC +1, EV +1)


Message History

You freeze Robin.
You kill Robin!
You feel sick.
You feel sick.
Items here: ) [[ † a whip of venom; an animal skin; a helmet; the hobgoblin corpse of Robin You barely miss the goblin.
You grab the goblin. You constrict the goblin.
You feel sick. The goblin hits you.
You hit the goblin.
The goblin is poisoned.
You kill the goblin!
You feel sick.
The gnoll shouts!
The gnoll throws a stone.
The stone completely misses you.
Items here: ) [[ † a whip of venom; an animal skin; a helmet; the hobgoblin corpse of Robin You feel sick.
The gnoll throws a stone.
The stone hits you but does no damage.
You see here a stone.
You feel sick.
You feel sick.
The gnoll throws a stone.
The stone hits you.
You die...

## #.# #.# .# .# #.#######. #.
#.##......... ##....#...##.#
##.......# .## ##.#.##...# ..
#.##.# #.## #.# # ..##.#
.######.##########.#
................@....((....#
..##.###........###.##g#####
..##.## ........# #.##.# .......
.<.....###.##.#####
#.....###.###...#..........#####.
##.#....# # #...).(...g))........
#.##....#.###.......(..###.#####.
..#.....#..........##### ..#
..........###.###.## ..#


You could see a gnoll.

Vanquished Creatures
  Robin (D:2)
  2 gnolls (D:2)
  A worm (D:2)
  3 dart slugs (D:1)
  A giant cockroach (D:1)
  11 goblins
  12 hobgoblins
  3 jackals (D:1)
  2 bats
  3 frilled lizards
  3 kobolds
  3 rats (D:1)
45 creatures vanquished.

Notes
Turn   | Place    | Note
-------+----------+-------------------------------------------
     0 | D:1      | inc the Octopode Ice Elementalist began the quest for the Orb.
     0 | D:1      | Reached XP level 1. HP: 11/11 MP: 3/3
   127 | D:1      | Reached XP level 2. HP: 5/17 MP: 0/5
   504 | D:1      | Reached skill level 4 in Ice Magic
   750 | D:1      | Reached XP level 3. HP: 19/21 MP: 4/6
   975 | D:2      | Found a glowing silver altar of Zin.
  1614 | D:1      | Learned a level 3 spell: Ozocubu's Armour
  1657 | D:2      | Reached XP level 4. HP: 3/27 MP: 0/7
  1992 | D:2      | Reached skill level 5 in Ice Magic
  2101 | D:2      | Noticed Robin
  2108 | D:2      | Killed Robin
  2119 | D:2      | Hit by a stone thrown by a gnoll

Vault maps used:
D:1:      ebering_hopf_link
D:2:      zin_statuary, uniq_crazy_yiuf_cottage, uniq_robin

Skill      XL: |  1  2  3  4 |
---------------+-------------+-----
Ice Magic      | 4 5 |  5.2
Dodging        | |  2.0
Stealth        | |  2.6
Spellcasting   | |  2.0
Conjurations   | |  1.0

Action                   |  1- 3 |  4- 6 || total
-------------------------+-------+-------++-------
Melee: Unarmed           |    40 |       ||    40
       Constrict         |    16 |     7 ||    23
       Tentacles         |     6 |     4 ||    10
       Spear             |     1 |    33 ||    34
 Cast: Freeze            |    30 |     1 ||    31
       Ozocubu's Armour  |     1 |       ||     1
 Stab: Sleeping          |     4 |       ||     4
  Eat: Chunk             |     2 |     2 ||     4
Armor: Skin              |     8 |       ||     8
Dodge: Dodged            |    55 |    21 ||    76

Table legend:
 A = Spawn XP
 B = Non-spawn XP
 C = Spawn XP percentage of total XP
 D = Spawn monster count
 E = Non-spawn monster count
 F = Spawn count percentage of total count
 G = Total turns spent on level
                    A         B        C        D         E        F      G
               +---------+---------+-------+---------+---------+-------+---------
         Total |       0 |     128 |   0.0 |       0 |      45 |   0.0 |  2119
               +---------+---------+-------+---------+---------+-------+---------
           D:1 |       0 |      40 |   0.0 |       0 |      21 |   0.0 |  1174
           D:2 |       0 |      88 |   0.0 |       0 |      24 |   0.0 |   945
               +---------+---------+-------+---------+---------+-------+---------
